 Dungeon Crawl Stone Soup version 0.13-a0-2537-g1f6edf4 (webtiles) character file.

518 Kae the Ruinous (level 6, -1/32 HPs)
             Began as a Tengu Fire Elementalist on July 27, 2013.
             Was an Initiate of Vehumet.
             Succumbed to Duvessa's poison
             ... on Level 4 of the Dungeon.
             The game lasted 00:07:20 (3943 turns).

Kae the Ruinous (Tengu Fire Elementalist)           Turns: 3943, Time: 00:07:20

HP  -1/32        AC  2     Str  9      XL: 6   Next: 33%
MP   9/13        EV 12     Int 17      God: Vehumet [......]
Gold 226         SH  0     Dex 14      Spells:  3 memorised,  4 levels left

Res.Fire  : . . .   See Invis. : .   d - +0,+1 short sword
Res.Cold  : . . .   Warding    : .   a - +0 robe
Life Prot.: . . .   Conserve   : .   (no shield)
Res.Poison: .       Res.Corr.  : .   (helmet restricted)
Res.Elec. : .       Clarity    : .   (no cloak)
Sust.Abil.: . .     Spirit.Shd : .   (no gloves)
Res.Mut.  : .       Stasis     : .   (boots unavailable)
Res.Rott. : .       Flight     : .   (no amulet)
Saprovore : . . .                    (no ring)
                                     m - ring of protection from magic

@: extremely poisoned, glowing, somewhat resistant to hostile enchantments, very
unstealthy
A: able to fly, beak, talons 3
a: Fly, Renounce Religion


You were on level 4 of the Dungeon.
You worshipped Vehumet.
Vehumet was pleased with you.
You were not hungry.

You visited 2 branches of the dungeon, and saw 5 of its levels.

You collected 206 gold pieces.

Inventory:

Hand weapons
 d - a +0,+1 short sword (weapon)
Armour
 a - a +0 robe (worn)
Magical devices
 g - a wand of paralysis (7) {unknown}
Comestibles
 c - 2 bread rations
 i - a chunk of worker ant flesh
 k - 2 chunks of worker ant flesh
 o - a lemon
 s - 2 meat rations
Scrolls
 e - 2 scrolls of remove curse
 h - 3 scrolls of identify
Jewellery
 m - a ring of protection from magic (left hand)
 r - an uncursed amulet of faith
Potions
 n - a potion of curing {unknown}
Books
 b - a book of Flames

   Spells                             Type                      Level
   *Flame Tongue                      Conjuration/Fire             1
   *Throw Flame                       Conjuration/Fire             2
   *Conjure Flame                     Conjuration/Fire             3
   Inner Flame                        Hexes/Fire                   3
   Sticky Flame                       Conjuration/Fire             4
   Fireball                           Conjuration/Fire             5
 f - a book of Annihilations {highlevel}

   This book is beyond your current level of understanding.

   Spells                             Type                      Level
   Poison Arrow                       Conjuration/Poison           6
   Orb of Destruction                 Conjuration                  7
   Chain Lightning                    Conjuration/Air              8
   Lehudib's Crystal Spear            Conjuration/Earth            8
   Ice Storm                          Conjuration/Ice              9
   Fire Storm                         Conjuration/Fire             9


   Skills:
 - Level 2.1 Dodging
 - Level 2.0 Stealth
 + Level 2.5 Spellcasting
 * Level 6.0 Conjurations
 + Level 4.7 Fire Magic


You had 4 spell levels left.
You knew the following spells:

 Your Spells              Type           Power        Failure   Level  Hunger
a - Flame Tongue          Conj/Fire      ###..        1%          1    #......
b - Throw Flame           Conj/Fire      ###...       2%          2    ##.....
c - Conjure Flame         Conj/Fire      ###.....     8%          3    ###....


Dungeon Overview and Level Annotations

Branches:
Dungeon (4/27)             Temple (1/1) D:4

Altars:
Elyvilon
Kikubaaqudgha
Makhleb
Nemelex Xobeh
Okawaru
Sif Muna
Trog
Vehumet
Xom
Zin
the Shining One

Portals:
Ziggurat: D:4 (2860 gp)

Annotations
D:3 onwiheg's ghost, experienced DjFi
D:4 Dowan; Duvessa


Innate Abilities, Weirdness & Mutations

You can fly.
You have a beak for a mouth.
You have claws for feet.


Message History

As you read the scroll of teleportation, it crumbles to dust.
You feel strangely unstable.
You feel sick.
Duvessa hits you with an elven short sword of venom.
You are more poisoned.
Duvessa hits you with an elven short sword of venom.
You feel very sick.
You feel very sick. Duvessa hits you but does no damage.
You are more poisoned.
You feel sick.
Duvessa says, "When magic and the sword combine, nothing stands against them."
Your surroundings suddenly seem different.
* * * LOW HITPOINT WARNING * * *
You feel very sick.
Found a scroll of random uselessness.
* * * LOW HITPOINT WARNING * * *
You feel very sick.
* * * LOW HITPOINT WARNING * * *
You feel very sick.
You die...

***######################
**,......................##
**,,.......................#
**,,,.................[......
**,,,.........................
**,,,,........@.?..............
**,,,,,.........................
**,,,,,,,........................
*,,,,,,..........................
,,,,.............................
,,,..............................
,,...............................
,................................
................###..............


There were no monsters in sight!

Vanquished Creatures
  A giant frog (D:3)
  2 worker ants (D:4)
  3 gnolls (D:2)
  9 adders
  2 worms
  A giant gecko (D:2)
  4 giant cockroaches
  6 goblins
  9 hobgoblins
  2 jackals (D:3)
  A ball python (D:1)
  3 bats
  A giant newt (D:2)
  10 kobolds
  An orc skeleton (D:4)
  3 quokkas
  8 rats
66 creatures vanquished.

Notes
Turn   | Place    | Note
--------------------------------------------------------------
     0 | D:1      | Kae, the Tengu Fire Elementalist, began the quest for the Orb.
     0 | D:1      | Reached XP level 1. HP: 10/10 MP: 3/3
   290 | D:1      | Reached XP level 2. HP: 12/15 MP: 1/5
   888 | D:2      | Reached XP level 3. HP: 10/19 MP: 2/7
  1415 | D:2      | Found a glowing golden altar of the Shining One.
  1421 | D:2      | Found a bloodstained altar of Trog.
  1616 | D:2      | Found a glowing silver altar of Zin.
  1699 | D:2      | Reached XP level 4. HP: 22/24 MP: 5/8
  1726 | D:2      | Learned a level 2 spell: Throw Flame
  1730 | D:2      | Learned a level 3 spell: Conjure Flame
  1775 | D:2      | Reached skill level 4 in Fire Magic
  2189 | D:3      | HP: 1/24 [poisoned by an adder]
  2864 | D:3      | Reached XP level 5. HP: 22/28 MP: 3/11
  3114 | D:3      | Noticed a giant frog
  3121 | D:3      | Killed a giant frog
  3121 | D:3      | Reached skill level 5 in Conjurations
  3200 | D:3      | Noticed onwiheg's ghost (experienced DjFi)
  3544 | D:4      | Found a staircase to the Ecumenical Temple.
  3557 | Temple   | Entered the Ecumenical Temple
  3587 | Temple   | Became a worshipper of Vehumet
  3693 | D:4      | Reached XP level 6. HP: 32/32 MP: 9/13
  3719 | D:4      | Found a gateway to a ziggurat.
  3794 | D:4      | Reached skill level 6 in Conjurations
  3913 | D:4      | Noticed Duvessa
  3913 | D:4      | Noticed Dowan
  3943 | D:4      | Succumbed to Duvessa's poison

Action                   |  1- 3 |  4- 6 || total
-------------------------+-------+-------++-------
Melee: Short sword       |     5 |     1 ||     6
 Cast: Flame Tongue      |    53 |    87 ||   140
       Throw Flame       |       |     2 ||     2
 Abil: Fly               |       |     1 ||     1
  Use: Scroll            |       |    11 ||    11
       Potion            |       |     1 ||     1
 Stab: Sleeping          |     1 |       ||     1
